Map: Crimson Court LE

Players

HeroMarine - Winner!

  • Race: Terran Terran
  • League: Grandmaster
  • Spawn Location: 7:00

LiquidElazer (Elazer)

  • Race: Zerg Zerg
  • Spawn Location: 1:00

Event: HomeStory Cup XXV

VOD

Have the link to the VOD?

Description

Time

  • Played on: June 22, 2024, 3:15 p.m.
  • Length: 10:47

All games in this series

Show
View Real Time Build Order
Export as new Build Order

HeroMarine Terran - Winner!

Build Orders: Reaper Expand 

Get SALT Encoding   

  12  0:00  SCV  
  13  0:12  SCV  
  14  0:16  Supply Depot  
  14  0:24  SCV  
  15  0:38  SCV  
  15  0:39  Barracks  
  16  0:43  Refinery  
  16  0:50  SCV  
  17  1:02  SCV  
  18  1:14  SCV  
  19  1:26  Orbital Command, Reaper  
  20  1:39  Command Center  
  20  1:46  Supply Depot  
  20  1:52  SCV  
  21  1:58  Marine  
  22  2:04  SCV  
  23  2:09  Factory  
  23  2:16  SCV  
  23  2:20  Barracks Reactor  
  24  2:28  SCV  
  25  2:34  Command Center  
  25  2:40  SCV  
  26  2:51  Orbital Command  
  26  2:55  Barracks  
  26  2:58  SCV  
  27  3:00  Factory Tech Lab  
  27  3:01  Marine  
  27  3:03  Marine  
  29  3:10  SCV  
  30  3:17  SCV  
  31  3:22  SCV  
  31  3:23  Barracks  
  31  3:25  Factory Reactor  
  31  3:27  Marine, Stimpack  
  32  3:29  SCV  
  32  3:30  Refinery  
  34  3:34  SCV  
  34  3:41  SCV  
  36  3:44  Marine  
  36  3:46  Orbital Command, SCV  
  38  3:51  Marine  
  38  3:52  Marine  
  38  3:53  SCV  
  41  3:56  Engineering Bay  
  41  3:58  SCV  
  42  4:04  Marine  
  42  4:05  SCV  
  42  4:09  Marine  
  45  4:10  SCV, Marine  
  45  4:15  SCV, Factory Tech Lab  
  48  4:17  SCV  
  48  4:18  Supply Depot  
  48  4:22  SCV, Marine  
  48  4:23  Terran Infantry Weapons Level 1  
  51  4:27  SCV, Marine  
  51  4:29  Marine x3  
  56  4:33  SCV  
  56  4:34  SCV  
  56  4:36  Siege Tank  
  61  4:41  Bunker  
  61  4:43  Marauder  
  61  4:45  Supply Depot, Marine  
  64  4:46  Supply Depot  
  64  4:48  Refinery  
  64  4:49  Marine x2  
  64  4:50  Marine  
  67  4:53  SCV x2  
  67  4:57  Supply Depot  
  69  5:07  SCV, Refinery, Marauder  
  72  5:08  Siege Tank  
  72  5:10  Marine x3  
  72  5:11  Marine  
  72  5:13  SCV x2  
  81  5:19  SCV  
  82  5:24  Supply Depot x2  
  82  5:26  Combat Shield  
  82  5:28  Marine x2, Starport  
  83  5:30  Marine  
  83  5:32  SCV  
  83  5:35  SCV  
  87  5:39  Supply Depot, Marine x2  
  85  5:45  SCV, Marine  
  85  5:46  Marine  
  85  5:47  SCV, Marine, Factory Reactor  
  87  5:54  Orbital Command  
  76  5:57  SCV, Marine x2  
  76  5:59  SCV  
  76  6:03  Marine  
  73  6:04  Marine  
  73  6:05  Marine  
  73  6:09  SCV  
  65  6:13  SCV  
  65  6:14  Barracks  
  65  6:15  Marine x2, Barracks  
  65  6:17  Supply Depot, Terran Infantry Armor Level 1  
  67  6:21  Marine  
  67  6:22  Marine  
  67  6:23  Marine  
  71  6:31  Siege Tank, Medivac  
  71  6:32  Marine, Medivac  
  77  6:33  Marine  
  77  6:34  SCV  
  77  6:36  SCV  
  77  6:39  Marine  
  82  6:40  Marine  
  82  6:41  Supply Depot, SCV, Marine  
  82  6:46  SCV  
  86  6:47  Supply Depot  
  86  6:48  SCV  
  86  6:50  Marine  
  86  6:53  SCV  
  86  6:54  Marine  
  89  6:57  Marine x2  
  89  6:59  SCV, Marine  
  89  7:01  SCV, Barracks Reactor  
  95  7:02  Barracks Reactor  
  95  7:03  Siege Tank, Medivac  
  95  7:05  SCV, Medivac  
  103  7:08  Marine  
  103  7:12  Supply Depot  
  103  7:14  Supply Depot  
  103  7:15  Marine x3  
  106  7:16  Marine  
  106  7:21  Armory  
  108  7:23  SCV x3  
  108  7:24  Engineering Bay  
  108  7:25  Refinery  
  108  7:26  Marine  
  111  7:33  Marine x2  
  111  7:35  SCV x2, Marine x2, Refinery, Factory  
  111  7:36  SCV  
  116  7:38  Siege Tank  
  116  7:42  Marine x2  
  116  7:43  Marine x2  
  116  7:44  Marine  
  123  7:50  SCV x2  
  123  7:51  Marine x2  
  125  7:52  SCV  
  125  7:57  Marine x2  
  126  8:00  Marine x3  
  126  8:03  Missile Turret  
  128  8:08  Missile Turret  
  128  8:10  Siege Tank  
  128  8:11  Medivac x2  
  135  8:14  SCV  
  135  8:15  SCV  
  135  8:17  Marine  
  135  8:18  Marine  
  137  8:25  SCV  
  137  8:26  SCV  
  141  8:33  Factory Tech Lab  
  141  8:36  SCV  
  141  8:37  SCV  
  141  8:39  Command Center  
  138  8:42  Siege Tank  
  138  8:43  Marine x4, Medivac x2  
  149  8:56  Marine  
  149  9:04  Supply Depot  
  149  9:07  Supply Depot, Siege Tank, Marine x2  
  149  9:08  Supply Depot  
  154  9:14  Siege Tank  
  154  9:15  Marine x2  
  154  9:17  Marine  
  157  9:25  Marine x2, Medivac  
  157  9:28  Medivac  
  163  9:32  SCV x3  
  163  9:33  Barracks  
  163  9:34  Barracks  
  163  9:35  Marine x3, Barracks  
  166  9:40  Siege Tank  
  166  9:45  Marine x3  
  172  9:46  Siege Tank  
  172  9:49  Marine x3  
  178  9:53  Marine x3  
  172  10:02  Marine  
  172  10:03  SCV x3  
  160  10:12  Siege Tank  
  160  10:13  Marine  
  160  10:14  Marine  
  160  10:15  SCV  
  160  10:18  Marine  
  160  10:19  Marine x2  
  160  10:20  Marine x3  
  169  10:23  Marine  
  171  10:41  Ghost Academy  
Show
View Real Time Build Order
Export as new Build Order

LiquidElazer Zerg 

Build Orders: Hatch First 

Get SALT Encoding   

  12  0:00  Drone  
  13  0:09  Drone  
  14  0:14  Extractor  
  14  0:15  Drone  
  15  0:37  Hatchery  
  15  0:41  Extractor  
  15  0:42  Drone  
  14  0:48  Overlord  
  15  1:02  Spawning Pool  
  14  1:06  Drone  
  14  1:10  Drone  
  16  1:13  Drone  
  16  1:18  Drone  
  18  1:28  Drone  
  18  1:32  Extractor  
  18  1:39  Drone  
  19  1:49  Drone, Queen x2  
  19  1:51  Drone  
  25  1:59  Drone  
  25  2:00  Overlord  
  26  2:11  Drone x2  
  28  2:24  Extractor  
  28  2:25  Drone x2  
  28  2:27  Extractor  
  28  2:29  Queen  
  30  2:30  Queen  
  30  2:34  Overlord  
  30  2:36  Drone  
  35  2:43  Drone  
  36  2:50  Overlord  
  36  2:54  Drone  
  36  2:55  Drone  
  38  2:58  Drone x3  
  38  3:00  Drone x2  
  38  3:01  Drone  
  44  3:10  Lair  
  44  3:12  Drone x2  
  46  3:17  Drone x2  
  48  3:20  Roach Warren  
  47  3:29  Drone x2, Extractor x2  
  47  3:32  Pneumatized Carapace  
  47  3:38  Drone x2  
  47  3:40  Drone x3  
  52  3:42  Overlord  
  52  3:49  Hatchery  
  52  3:53  Overlord  
  52  3:55  Extractor  
  50  3:56  Drone x2  
  50  4:02  Spore Crawler  
  51  4:04  Overlord  
  51  4:08  Overseer  
  52  4:12  Roach x2  
  52  4:13  Roach  
  52  4:14  Roach  
  60  4:20  Overlord  
  60  4:28  Spore Crawler  
  60  4:29  Overlord  
  60  4:30  Roach x3  
  65  4:34  Overlord  
  65  4:40  Roach x2  
  65  4:42  Overlord  
  70  4:51  Roach x4  
  78  4:54  Overlord  
  78  4:55  Roach  
  78  4:59  Roach  
  82  5:03  Ravager x2  
  82  5:04  Ravager  
  85  5:08  Roach x3  
  85  5:12  Overlord  
  91  5:15  Ravager  
  91  5:18  Drone x4  
  91  5:19  Drone  
  97  5:21  Ravager  
  97  5:27  Drone x4  
  102  5:31  Ravager  
  103  5:43  Ravager x2  
  103  5:44  Drone x7  
  103  5:45  Queen  
  84  6:07  Drone x10  
  83  6:12  Drone x2  
  83  6:13  Queen  
  83  6:15  Extractor, Infestation Pit  
  83  6:16  Extractor  
  84  6:20  Overlord  
  84  6:21  Drone x2  
  86  6:25  Evolution Chamber  
  86  6:27  Overlord, Evolution Chamber  
  86  6:31  Overlord  
  84  6:35  Roach x3  
  84  6:37  Glial Reconstitution  
  92  6:40  Roach x2  
  92  6:41  Roach  
  92  6:42  Hatchery  
  92  6:46  Roach x2  
  99  6:52  Zerg Missile Weapons Level 1  
  99  6:53  Zerg Ground Armor Level 1  
  99  6:54  Roach  
  99  6:55  Roach  
  99  6:57  Roach x2  
  107  7:04  Hive  
  107  7:05  Overlord  
  107  7:06  Roach  
  109  7:13  Roach x4  
  117  7:24  Roach x7  
  125  7:32  Roach x5  
  125  7:36  Roach x3  
  136  7:47  Roach x5  
  146  7:51  Ravager x2  
  146  7:55  Roach x2  
  148  8:01  Ravager  
  149  8:06  Overlord  
  149  8:07  Roach x5  
  149  8:09  Overlord x4  
  154  8:25  Drone x7  
  158  8:35  Viper x2  
  159  8:45  Queen  
  159  8:47  Queen  
  163  8:51  Unknown  
  163  8:55  Queen, Overlord  
  160  8:57  Roach x9  
  160  9:00  Ravager  
  181  9:09  Overlord  
  181  9:10  Drone x4  
  181  9:11  Drone  
  181  9:13  Ravager  
  183  9:21  Ravager x4  
  184  9:30  Roach x6  
  183  9:48  Roach x8  
  183  9:49  Hatchery  
  181  10:01  Roach x4  
  166  10:11  Roach x3  
  153  10:21  Roach x3  
  153  10:24  Ravager  
  153  10:25  Roach x3  
  159  10:28  Ravager  
  159  10:29  Ravager x2  
Tags
 
Add a new tag
Caveats
  • Supply blocks, unpowered buildings, or Contaminate may cause inaccurate times.
  • Supply counts are checked every 10 seconds.